[Event "Titled Tuesday Blitz May 17 Early 2022"]
[White "Klekowski, Maciej"]
[Black "Indjic, Aleksandar"]
[WhiteFideId "1132717"]
[BlackFideId "911925"]
[WhiteElo "2476"]
[BlackElo "2616"]
[Result "1-0"]
[Round "03"]
[TimeControl "180+1"]
[Date "2022.05.17"]
[WhiteClock "0:00:12"]
[BlackClock "0:00:12"]

1. c4 b6 2. Nc3 Bb7 3. d4 e6 4. e4 Bb4 5. f3 f5 6. exf5 Nf6 7. Bd3 c5 8. a3 Bxc3+ 9. bxc3 Nc6 10. Ne2 O-O 11. O-O e5 12. d5 Na5 13. Ng3 Ba6 14. Qe2 Ne8 15. f4 exf4 16. Bxf4 Nf6 17. Nh5 Re8 18. Qf3 Bxc4 19. Bg5 Rf8 20. Bxf6 Rxf6 21. Bxc4 Nxc4 22. Qg4 Rf7 23. Qxc4 Qg5 24. Ng3 Raf8 25. Qf4 Qf6 26. Ne4 Qxf5 27. Qxf5 Rxf5 28. Rxf5 Rxf5 29. c4 Re5 30. Re1 b5 31. Kf2 bxc4 32. Nc3 Rf5+ 33. Kg3 Kf8 34. Re4 Rg5+ 35. Rg4 Re5 36. Re4 Rg5+ 37. Kf3 Rh5 38. h3 Rh6 39. Rxc4 Ra6 40. Ra4 Rb6 41. Rc4 d6 42. a4 Rb3 43. Ke3 Ke7 44. Kd3 Rb2 45. Re4+ Kd7 46. Re2 Rb4 47. Re4 Rb2 48. Rg4 g6 49. h4 Ke7 50. g3 Kf6 51. Ne4+ Ke7 52. Ng5 h5 53. Re4+ Kd7 54. g4 Rb3+ 55. Kc4 Rb4+ 56. Kc3 Rb1 57. gxh5 gxh5 58. Ne6 Rd1 59. Nf4 a6 60. Kc2 Ra1 61. Nxh5 Kc7 62. Nf6 Rf1 63. Ng4 Rh1 64. Ne3 Rh2+ 65. Kc3 Rh3 66. Kd3 Kb6 67. Ke2 Ka5 68. Kf2 Rh1 69. Kg2 Rb1 70. h5 Rb8 71. Rh4 Re8 72. Kf3 Rf8+ 73. Ke2 c4 74. Rxc4 1-0


[Site "https://www.chess.com"]

[Event "Titled Tuesday Blitz May 17 Early 2022"]
[White "Kobo, Ori"]
[Black "Tatarinov, Dmitry"]
[WhiteFideId "2812320"]
[BlackFideId "24160067"]
[WhiteElo "2420"]
[BlackElo "2302"]
[Result "1/2-1/2"]
[Round "03"]
[TimeControl "180+1"]
[Date "2022.05.17"]
[WhiteClock "0:00:05"]
[BlackClock "0:00:31"]

1. d4 Nf6 2. c4 e6 3. Nc3 d5 4. cxd5 exd5 5. Bg5 Be7 6. e3 O-O 7. Bd3 c6 8. h3 Nbd7 9. Nf3 Re8 10. O-O Nf8 11. Bf4 Bd6 12. Bxd6 Qxd6 13. Qc2 g6 14. Ne5 N6d7 15. f4 f6 16. Nxd7 Bxd7 17. Qf2 f5 18. Rab1 Re7 19. b4 Rae8 20. Rfe1 Ne6 21. a4 a6 22. a5 Nd8 23. Na4 Nf7 24. Nc5 Bc8 25. Bf1 Qf6 26. Nd3 Nd6 27. Ne5 g5 28. Bd3 Rg7 29. fxg5 Rxg5 30. Qf4 Re7 31. Ng4 Qg7 32. Qxd6 fxg4 33. h4 Rh5 34. Rf1 Re8 35. g3 Rh6 36. Qf4 Rhe6 37. Rbe1 R6e7 38. Kg2 Be6 39. h5 Rf7 40. Qd6 Rf3 41. Rxf3 gxf3+ 42. Kf2 Qg4 43. Rh1 Bf5 44. Bxf5 Qxf5 45. Rh4 Qc2+ 46. Kxf3 Qd1+ 47. Kg2 Qe2+ 48. Kh3 Qf1+ 49. Kh2 Qf2+ 50. Kh3 Qf1+ 51. Kh2 Qe2+ 52. Kh3 Qf1+ 1/2-1/2


[Site "https://www.chess.com"]

[Event "Titled Tuesday Blitz May 17 Early 2022"]
[White "Kozak, Antoni"]
[Black "Paravyan, David"]
[WhiteFideId "21832030"]
[BlackFideId "4194985"]
[WhiteElo "2322"]
[BlackElo "2569"]
[Result "0-1"]
[Round "03"]
[TimeControl "180+1"]
[Date "2022.05.17"]
[WhiteClock "0:00:22"]
[BlackClock "0:01:12"]

1. d4 Nf6 2. c4 g6 3. Nc3 d5 4. cxd5 Nxd5 5. e4 Nxc3 6. bxc3 Bg7 7. Bc4 c5 8. Ne2 Nc6 9. Be3 O-O 10. O-O Bg4 11. f3 Na5 12. Bd3 cxd4 13. cxd4 Be6 14. Qa4 Bd7 15. Qa3 a6 16. Rac1 Bb5 17. Rc2 Nc6 18. Bxb5 axb5 19. Qb2 Ra4 20. Qxb5 Rb4 21. Qc5 Nxd4 22. Nxd4 Rxd4 23. Kh1 Rd1 24. Rc1 Rxf1+ 25. Rxf1 Qd3 26. Rc1 Rd8 27. Bg1 Bf6 28. Qc2 Qxc2 29. Rxc2 Rd1 30. Rc4 b5 31. Rb4 Bc3 32. Rxb5 Bd4 33. h3 Rxg1+ 34. Kh2 Ra1 35. Ra5 h5 36. h4 Kg7 37. a4 e6 38. Ra8 Bf6 39. Kg3 Rh1 40. a5 Bxh4+ 41. Kf4 Bf2 42. a6 Ra1 43. Kg5 Ra5+ 44. Kf4 g5# 0-1


[Site "https://www.chess.com"]

[Event "Titled Tuesday Blitz May 17 Early 2022"]
[White "Lazavik, Denis"]
[Black "Gabrielian, Artur"]
[WhiteFideId "13515110"]
[BlackFideId "4131002"]
[WhiteElo "2437"]
[BlackElo "2440"]
[Result "1-0"]
[Round "03"]
[TimeControl "180+1"]
[Date "2022.05.17"]
[WhiteClock "0:00:03"]
[BlackClock "0:00:15"]

1. d4 Nf6 2. c4 c5 3. d5 e6 4. Nc3 exd5 5. cxd5 d6 6. Nf3 g6 7. h3 Bg7 8. e4 O-O 9. Bd3 Nbd7 10. O-O Re8 11. Re1 Ne5 12. Nxe5 Rxe5 13. Bf4 Nh5 14. Bh2 Qh4 15. Qf3 a6 16. a4 Bd7 17. Bf1 Rf8 18. g4 Rg5 19. Bg2 Be5 20. Bxe5 dxe5 21. Ne2 Ng7 22. Qg3 Qh6 23. f3 f5 24. h4 fxg4 25. hxg5 Qxg5 26. fxg4 Bxg4 27. Rf1 Rxf1+ 28. Rxf1 h5 29. Bf3 Kh7 30. Bxg4 hxg4 31. Qf2 Qd2 32. Ng3 Qd3 33. Re1 c4 34. Kg2 b5 35. axb5 axb5 36. Re3 Qb1 37. Qd2 b4 38. Qxb4 Nh5 39. Nxh5 Qc2+ 40. Kg3 gxh5 41. Qe7+ Kh6 42. Qf6+ Kh7 43. Qf5+ Kg8 44. Qxh5 Qc1 45. Qxg4+ Kh7 46. Qh4+ Kg6 47. Qg4+ Kh7 48. Re2 Qg1+ 49. Kh4 Qh1+ 50. Kg5 Qh6+ 51. Kf5 Qf8+ 52. Kxe5 Qb8+ 53. Kd4 Qh8+ 54. e5 Qxe5+ 55. Rxe5 c3 56. Rh5# 1-0


[Site "https://www.chess.com"]

[Event "Titled Tuesday Blitz May 17 Early 2022"]
[White "Makarian, Rudik"]
[Black "Lopez, Henry"]
[WhiteFideId "44105681"]
[BlackFideId "5203830"]
[WhiteElo "2419"]
[BlackElo "2177"]
[Result "0-1"]
[Round "03"]
[TimeControl "180+1"]
[Date "2022.05.17"]
[WhiteClock "0:00:10"]
[BlackClock "0:00:37"]

1. b3 e5 2. Bb2 Nc6 3. e3 Nf6 4. Bb5 Bd6 5. Na3 Na5 6. Nc4 Nxc4 7. Bxc4 O-O 8. Ne2 c6 9. Ng3 Bc7 10. O-O d5 11. Be2 Re8 12. d3 a5 13. a4 Qe7 14. Qd2 Bd6 15. Kh1 h6 16. Bc3 b6 17. Rae1 Bd7 18. Bd1 Bb4 19. h3 Qc5 20. Bxb4 Qxb4 21. c3 Qh4 22. Qe2 e4 23. d4 g6 24. Kg1 h5 25. Nh1 Kg7 26. f4 exf3 27. Qxf3 Re7 28. Bc2 Rae8 29. Nf2 Qg5 30. Nd1 h4 31. Qf4 Qxf4 32. Rxf4 g5 33. Rf2 Nh5 34. Kh2 Ng3 35. Rf3 f5 36. c4 Be6 37. c5 bxc5 38. dxc5 Bc8 39. Rg1 Rf8 40. Bd3 Bd7 41. Nf2 Rfe8 42. Nd1 Rb8 43. Bc2 Rb4 44. Nf2 g4 45. hxg4 fxg4 46. Rf4 Rxe3 47. Rxb4 axb4 48. a5 Re8 49. a6 Ne2 50. Re1 g3+ 0-1


[Site "https://www.chess.com"]

[Event "Titled Tuesday Blitz May 17 Early 2022"]
[White "Maltsevskaya, Aleksandra"]
[Black "Lodici, Lorenzo"]
[WhiteFideId "24174041"]
[BlackFideId "884189"]
[WhiteElo "2235"]
[BlackElo "2265"]
[Result "1/2-1/2"]
[Round "03"]
[TimeControl "180+1"]
[Date "2022.05.17"]
[WhiteClock "0:01:42"]
[BlackClock "0:01:47"]

1. e4 c5 2. Nf3 b6 3. d4 cxd4 4. Nxd4 Bb7 5. Nc3 Nf6 6. e5 Nd5 7. Qf3 e6 8. Qg3 Nc6 9. Ndb5 Nxc3 10. bxc3 a6 11. Bg5 Qb8 12. Nd6+ Bxd6 13. exd6 f6 14. Bxf6 gxf6 15. Qg7 Rf8 16. Rd1 Rf7 17. Qg8+ Rf8 18. Qg7 Rf7 19. Qg8+ Rf8 20. Qg7 1/2-1/2


[Site "https://www.chess.com"]

[Event "Titled Tuesday Blitz May 17 Early 2022"]
[White "Manukyan, Sargis A."]
[Black "Maximov, Dmitry"]
[WhiteFideId "13303970"]
[BlackFideId "14105659"]
[WhiteElo "2187"]
[BlackElo "2494"]
[Result "1/2-1/2"]
[Round "03"]
[TimeControl "180+1"]
[Date "2022.05.17"]
[WhiteClock "0:00:08"]
[BlackClock "0:00:07"]

1. Nf3 Nf6 2. c4 c5 3. g3 g6 4. Nc3 Bg7 5. Bg2 O-O 6. O-O Nc6 7. a3 d6 8. Rb1 Bf5 9. d3 Qd7 10. Re1 Bh3 11. Bh1 Rad8 12. b4 b6 13. Qa4 Rc8 14. Bb2 h6 15. Nd5 Nxd5 16. cxd5 Ne5 17. Qxd7 Nxd7 18. Bxg7 Kxg7 19. Nd2 Ne5 20. Rec1 f5 21. f4 Nd7 22. Kf2 Nf6 23. Bf3 g5 24. e3 Bg4 25. Bg2 Bh5 26. h3 Bf7 27. e4 fxe4 28. dxe4 Bg6 29. Ke3 Nh5 30. f5 Bf7 31. Kf2 Nf6 32. Ke3 h5 33. Bf3 g4 34. hxg4 hxg4 35. Be2 Rh8 36. bxc5 dxc5 37. Rh1 Rh3 38. Rxh3 gxh3 39. Rh1 Rh8 40. Rh2 Be8 41. Kf4 Bh5 42. g4 Be8 43. Bf3 Nd7 44. e5 b5 45. Ne4 c4 46. g5 Nb6 47. f6+ Kf8 48. e6 Nxd5+ 49. Ke5 Nc7 50. Nc5 Rh4 51. f7 Bxf7 52. exf7 Kxf7 53. Ne4 Ne6 54. g6+ Kxg6 55. Kxe6 a5 56. Kd5 Rf4 57. Bh1 Rf5+ 58. Kd4 e5+ 59. Kc5 b4 60. axb4 axb4 61. Kxc4 Rh5 62. Kxb4 Rh4 63. Kc4 Kf5 64. Kd5 Kf4 65. Nd6 Rh8 66. Be4 Kg3 67. Rh1 h2 68. Kxe5 Kf2 69. Kd5 Kg3 70. Nf5+ Kf4 71. Nd4 Rd8+ 72. Kc4 Kxe4 73. Ne2 Rc8+ 74. Kb3 Rh8 75. Ng3+ Kf3 76. Nf1 Kg2 77. Rxh2+ Rxh2 78. Nxh2 1/2-1/2


[Site "https://www.chess.com"]

[Event "Titled Tuesday Blitz May 17 Early 2022"]
[White "Matinian, Nikita"]
[Black "Dubov, Daniil"]
[WhiteFideId "24129100"]
[BlackFideId "24126055"]
[WhiteElo "2422"]
[BlackElo "2791"]
[Result "0-1"]
[Round "03"]
[TimeControl "180+1"]
[Date "2022.05.17"]
[WhiteClock "0:00:02"]
[BlackClock "0:00:12"]

1. e4 c5 2. Nf3 Nc6 3. Bb5 g6 4. O-O Bg7 5. Re1 e5 6. c3 Nge7 7. a3 O-O 8. b4 d6 9. d3 h6 10. Nbd2 a6 11. Bc4 b5 12. Ba2 Kh7 13. Nf1 a5 14. bxc5 dxc5 15. Ne3 Qd6 16. Rb1 b4 17. Nc4 Qc7 18. Bd2 Be6 19. Qc2 Rfb8 20. Bb3 Bg4 21. axb4 cxb4 22. Ne3 Bxf3 23. gxf3 Qd7 24. Bxf7 Rf8 25. Bc4 Qh3 26. Nf1 Rxf3 27. Re3 Raf8 28. Rxf3 Qxf3 29. Be3 bxc3 30. Qxc3 Nd4 31. Bxd4 exd4 32. Qe1 Nc6 33. Nd2 Qg4+ 34. Kh1 Ne5 35. Rb7 Nxc4 36. Nxc4 Qf3+ 37. Kg1 Qg4+ 38. Kh1 Qf3+ 39. Kg1 Qxd3 40. Ne5 Qa6 41. Qb1 Qe6 42. Nd7 Qg4+ 43. Kf1 Qh3+ 44. Kg1 Rf4 0-1


[Site "https://www.chess.com"]

[Event "Titled Tuesday Blitz May 17 Early 2022"]
[White "Mitrabha, Guha"]
[Black "Czerw, Dawid"]
[WhiteFideId "5057000"]
[BlackFideId "1145746"]
[WhiteElo "2468"]
[BlackElo "2125"]
[Result "1-0"]
[Round "03"]
[TimeControl "180+1"]
[Date "2022.05.17"]
[WhiteClock "0:01:03"]
[BlackClock "0:01:00"]

1. Nf3 c5 2. g3 Nc6 3. Bg2 e6 4. O-O Nf6 5. c4 Qb6 6. Nc3 Be7 7. b3 O-O 8. Bb2 d5 9. cxd5 exd5 10. d4 c4 11. Rb1 Bf5 12. Rc1 Rac8 13. Na4 Qa6 14. Ne5 b5 15. Nc3 Rfd8 16. bxc4 Nxe5 17. cxb5 Qe6 18. dxe5 Qxe5 19. Nxd5 Qxb2 20. Nxe7+ Kf8 21. Rxc8 1-0


[Site "https://www.chess.com"]

[Event "Titled Tuesday Blitz May 17 Early 2022"]
[White "Moskalenko, Alexander"]
[Black "Yang, Kaiqi"]
[WhiteFideId "4155351"]
[BlackFideId "8604398"]
[WhiteElo "2434"]
[BlackElo "2373"]
[Result "1-0"]
[Round "03"]
[TimeControl "180+1"]
[Date "2022.05.17"]
[WhiteClock "0:00:13"]
[BlackClock "0:00:02"]

1. Nf3 Nf6 2. c4 g6 3. g3 Bg7 4. Bg2 O-O 5. O-O d6 6. Nc3 c5 7. d4 Nc6 8. d5 Na5 9. Nd2 e6 10. dxe6 Bxe6 11. Qa4 Rb8 12. Rd1 a6 13. Nd5 b5 14. Qc2 Nxd5 15. cxd5 Bf5 16. e4 Bg4 17. Re1 c4 18. Rb1 Qd7 19. b4 cxb3 20. axb3 Rfc8 21. Qa2 Nb7 22. b4 a5 23. bxa5 Nc5 24. Ba3 Nd3 25. Re3 Ne5 26. Bb4 Bh6 27. Rc3 Be2 28. a6 Qa7 29. Rxc8+ Rxc8 30. Bxd6 Nd3 31. Rf1 Be3 32. Nf3 Bxf2+ 33. Kh1 Bxf1 34. Bxf1 Rc1 35. Qe2 Ne1 36. Nd2 b4 37. Bxb4 Nc2 38. Bd6 Ne3 39. Bf4 Nxf1 40. Nxf1 Bc5 41. Bxc1 1-0


[Site "https://www.chess.com"]

[Event "Titled Tuesday Blitz May 17 Early 2022"]
[White "Neiksans, Arturs"]
[Black "Csonka, Balazs"]
[WhiteFideId "11601388"]
[BlackFideId "742910"]
[WhiteElo "2447"]
[BlackElo "2404"]
[Result "1-0"]
[Round "03"]
[TimeControl "180+1"]
[Date "2022.05.17"]
[WhiteClock "0:01:52"]
[BlackClock "0:00:02"]

1. e4 c5 2. Nf3 e6 3. g3 h5 4. Nc3 Nc6 5. Bg2 Be7 6. h3 h4 7. g4 e5 8. d3 g5 9. Nd5 f6 10. Nd2 d6 11. Nc4 Be6 12. Nce3 Bf8 13. c3 Bg7 14. O-O Nge7 15. Qa4 O-O 16. Bf3 Ng6 17. Nf5 Nce7 18. Qb3 Nxd5 19. exd5 Bxf5 20. gxf5 Ne7 21. Be4 Qd7 22. Qd1 Rf7 23. Kh2 Nxf5 24. Qh5 Nh6 25. Bg6 Re7 26. Rg1 Rf8 27. Rg2 b5 28. Be3 a5 29. Rag1 b4 30. Be4 bxc3 31. bxc3 Qe8 32. Bg6 Qa4 33. Kh1 Qxa2 34. Be4 Qa4 35. Qg6 Qa3 36. Bxg5 fxg5 37. Rxg5 Ref7 38. Qh7# 1-0


[Site "https://www.chess.com"]

[Event "Titled Tuesday Blitz May 17 Early 2022"]
[White "Nguyen, Hong Ngoc"]
[Black "Yeletsky, Ivan"]
[WhiteFideId "12403083"]
[BlackFideId "24180327"]
[WhiteElo "1884"]
[BlackElo "2319"]
[Result "0-1"]
[Round "03"]
[TimeControl "180+1"]
[Date "2022.05.17"]
[WhiteClock "0:00:06"]
[BlackClock "0:00:05"]

1. e4 c5 2. Nc3 g6 3. f4 Bg7 4. Nf3 a6 5. g3 b5 6. d3 Bb7 7. Bg2 e6 8. Qe2 Nc6 9. O-O Nge7 10. h3 Nd4 11. Nxd4 cxd4 12. Nd1 O-O 13. Nf2 f5 14. Bd2 Rc8 15. Rfc1 a5 16. c3 a4 17. a3 Qb6 18. Kh2 Rc7 19. cxd4 Rxc1 20. Rxc1 Bxd4 21. Nd1 fxe4 22. dxe4 e5 23. Nc3 Bc6 24. Qg4 Qb7 25. f5 d6 26. Rf1 Nxf5 27. Rxf5 Rxf5 28. exf5 Bxg2 29. fxg6 Bh1 30. gxh7+ Kxh7 31. Qh5+ Kg8 32. Qg6+ Kh8 33. Qf6+ Kh7 34. Qf5+ Kg7 35. Qg5+ Kf7 36. Qh5+ Ke6 37. Qe8+ Kf6 38. Qd8+ Kg7 39. Qg5+ Kf7 40. Qh5+ Kg8 41. Qg6+ Kf8 42. Qxd6+ Kg7 43. Qh6+ Kg8 44. Qg6+ Kh8 45. Qf6+ Kh7 46. Qf1 Bc6 47. Qf5+ Kh8 48. Bg5 Qd7 49. Bf6+ Kg8 50. Qg5+ Kf7 51. Qg7+ Ke6 52. Qxd7+ Bxd7 53. Bg5 Kf5 54. Bd2 e4 55. g4+ Ke5 56. Kg2 e3 57. Be1 Bc6+ 58. Kg3 Bd7 59. h4 Kd6 60. h5 Be5+ 61. Kh4 Bf6+ 62. g5 Be5 63. g6 Bf6+ 64. Kg3 Be5+ 65. Kf3 Ke7 66. Nd5+ Ke6 67. Nxe3 Bxb2 68. Bb4 Kf6 69. Kf4 Be5+ 70. Ke4 Bc6+ 71. Nd5+ Ke6 72. h6 Bxd5+ 73. Ke3 Kf5 74. g7 Kg6 75. Bf8 Kh7 76. Kd3 Bb2 77. Kc2 Bf6 78. Kd3 Bg8 79. Ke4 Kxh6 80. Kf5 Bxg7 81. Bb4 Bb2 82. Ke4 Kg7 0-1


[Site "https://www.chess.com"]

[Event "Titled Tuesday Blitz May 17 Early 2022"]
[White "Ohanyan, Emin"]
[Black "Reprintsev, Alexander"]
[WhiteFideId "13312022"]
[BlackFideId "14100541"]
[WhiteElo "1927"]
[BlackElo "2108"]
[Result "1-0"]
[Round "03"]
[TimeControl "180+1"]
[Date "2022.05.17"]
[WhiteClock "0:00:11"]
[BlackClock "0:00:12"]

1. e4 d5 2. exd5 Qxd5 3. Nc3 Qa5 4. d4 Nf6 5. Nf3 Nc6 6. Bb5 Ne4 7. Bd2 Nxc3 8. Bxc6+ bxc6 9. Bxc3 Qd5 10. O-O Bg4 11. Re1 Bxf3 12. Qxf3 Qxf3 13. gxf3 e6 14. Ba5 Kd7 15. c4 Rb8 16. b3 Bb4 17. Bxb4 Rxb4 18. Re5 f6 19. Ra5 Ra8 20. f4 g6 21. Kf1 Rb6 22. Ke2 a6 23. Kd3 Rbb8 24. h4 Rg8 25. Rh1 Rg7 26. Kc3 Rgg8 27. Kb4 Kd6 28. Kc3 Rg7 29. Kd3 Rgg8 30. Ke3 Rg7 31. Kf3 Rgg8 32. h5 g5 33. h6 g4+ 34. Kg3 Rg6 35. Rhh5 f5 36. Rh1 Kd7 37. Re5 a5 38. d5 cxd5 39. cxd5 exd5 40. Rxd5+ Ke6 41. Re5+ Kf6 42. Rh5 Kf7 43. Rhxf5+ Kg8 44. Rxa5 Rxa5 45. Rxa5 Rxh6 46. Kxg4 Rc6 47. Kf5 Kf7 48. Ra7 Rc5+ 49. Kg4 Ke6 50. a4 Rc2 51. Ra6+ c6 52. a5 Kd6 53. Ra8 Rxf2 54. a6 Kc7 55. Rh8 Kb6 56. Rxh7 Kxa6 57. Rh3 Kb5 58. f5 Kc5 59. Rd3 Rg2+ 60. Kf4 Rg8 61. f6 Rf8 62. Ke5 Re8+ 63. Kf5 Rf8 64. Ke6 Re8+ 65. Kd7 Re4 66. f7 Rf4 67. Ke7 Re4+ 68. Kf6 Rf4+ 69. Ke6 Re4+ 70. Kf5 Re1 71. Rf3 Kd5 72. f8=Q 1-0


[Site "https://www.chess.com"]

[Event "Titled Tuesday Blitz May 17 Early 2022"]
[White "Oparin, Grigoriy"]
[Black "Oganian, Miran"]
[WhiteFideId "24125890"]
[BlackFideId "4122488"]
[WhiteElo "2665"]
[BlackElo "2357"]
[Result "1/2-1/2"]
[Round "03"]
[TimeControl "180+1"]
[Date "2022.05.17"]
[WhiteClock "0:00:11"]
[BlackClock "0:00:07"]

1. g3 Nf6 2. Bg2 d5 3. c4 d4 4. Nf3 c5 5. b4 cxb4 6. a3 b3 7. d3 Nc6 8. Nbd2 e5 9. Rb1 Bd6 10. O-O O-O 11. Qxb3 h6 12. Qb5 Re8 13. Nh4 Rb8 14. c5 a6 15. Qa4 Bc7 16. Nc4 Be6 17. Bd2 Bd5 18. Rfc1 Bxg2 19. Nxg2 Qd7 20. Ba5 Bxa5 21. Nxa5 e4 22. Nxc6 bxc6 23. Rxb8 Rxb8 24. dxe4 Nxe4 25. Qxa6 Nxc5 26. Rxc5 Rb1+ 27. Ne1 Rxe1+ 28. Kg2 Qe6 29. Qxc6 Qxc6+ 30. Rxc6 Rxe2 31. Rc4 Ra2 32. a4 d3 33. Kf3 d2 34. Ke2 g5 35. h4 Kg7 36. Kd1 f5 37. h5 g4 38. Rc6 Rxa4 39. Kxd2 Ra3 40. Ke2 Rf3 41. Rg6+ Kh7 42. Rf6 Kg7 43. Re6 Ra3 44. Rg6+ Kh7 45. Rf6 Rf3 46. Rg6 Ra3 47. Rb6 Kg7 48. Re6 Rb3 49. Rg6+ Kh7 50. Rf6 Rf3 51. Re6 Ra3 52. Re3 Ra2+ 53. Kf1 Kg7 54. Re6 Rb2 55. Rg6+ Kh7 56. Rf6 Rb5 57. Ke2 Kg7 58. Rg6+ Kh7 59. Rd6 Kg7 60. Ke3 Rb3+ 61. Kd4 Rf3 62. Ke5 Rxf2 63. Rd7+ Kg8 64. Kf6 f4 65. Kg6 Kf8 66. gxf4 g3 67. Rf7+ Ke8 68. Rg7 Rxf4 69. Kxh6 Rf3 70. Rg4 Kf7 71. Kh7 Rf1 72. Rxg3 Rf2 73. h6 Rf1 74. Kh8 Kf8 75. Rg8+ Kf7 76. Rg7+ Kf8 77. Ra7 Rg1 78. Ra8+ Kf7 79. h7 Rg2 80. Ra7+ Kf8 81. Ra3 Rf2 82. Rg3 Rf1 83. Rg8+ Kf7 84. Rg7+ Kf8 85. Rg8+ Kf7 86. Rg7+ Kf8 87. Rg8+ 1/2-1/2


[Site "https://www.chess.com"]

[Event "Titled Tuesday Blitz May 17 Early 2022"]
[White "Preotu, Razvan"]
[Black "Andreikin, Dmitry"]
[WhiteFideId "2613280"]
[BlackFideId "4158814"]
[WhiteElo "2407"]
[BlackElo "2736"]
[Result "0-1"]
[Round "03"]
[TimeControl "180+1"]
[Date "2022.05.17"]
[WhiteClock "0:00:14"]
[BlackClock "0:00:39"]

1. e4 e5 2. Nf3 Nf6 3. Nxe5 d6 4. Nf3 Nxe4 5. Nc3 Nf6 6. d4 g6 7. Bd3 Bg7 8. O-O O-O 9. h3 Nbd7 10. Bg5 h6 11. Be3 Nb6 12. Qd2 Kh7 13. Bf4 Be6 14. b3 Qd7 15. Ne2 Nbd5 16. Bh2 a5 17. c4 Nb4 18. Bb1 Bf5 19. a3 Na6 20. Ng3 Bxb1 21. Raxb1 a4 22. b4 Rfe8 23. b5 Nb8 24. Rfe1 Qd8 25. Qc2 Nbd7 26. c5 Nf8 27. Nf1 Ne6 28. Red1 Nd5 29. N1d2 dxc5 30. dxc5 Nc3 31. b6 cxb6 32. Nc4 Nxd1 33. Rxd1 Nd4 34. Nxd4 Qxd4 35. Nxb6 Rad8 36. Bd6 Qb2 37. Qxa4 Re2 38. Qf4 Rxd6 39. cxd6 Qxb6 40. d7 Qd8 41. Qxf7 h5 42. Rd6 Qg5 43. d8=Q Re1+ 44. Kh2 Qe5+ 45. g3 Qe4 46. Qd5 Rh1# 0-1


[Site "https://www.chess.com"]

[Event "Titled Tuesday Blitz May 17 Early 2022"]
[White "Seo, Jung Min"]
[Black "Martinez Alcantara, Jose Eduardo"]
[WhiteFideId "1734687"]
[BlackFideId "3805662"]
[WhiteElo "2401"]
[BlackElo "2690"]
[Result "1/2-1/2"]
[Round "03"]
[TimeControl "180+1"]
[Date "2022.05.17"]
[WhiteClock "0:00:33"]
[BlackClock "0:00:20"]

1. d4 Nf6 2. c4 e6 3. Nf3 Bb4+ 4. Bd2 Qe7 5. Qc2 Bxd2+ 6. Nbxd2 d6 7. e4 e5 8. d5 a5 9. g3 Na6 10. Bg2 Bd7 11. O-O O-O 12. Rfe1 c6 13. Rad1 Rfc8 14. Qb1 b5 15. dxc6 Bxc6 16. cxb5 Bxb5 17. Nf1 Nc5 18. Ne3 g6 19. Nd5 Nxd5 20. Rxd5 Rab8 21. Rd2 Bc6 22. h4 h6 23. Nh2 Ne6 24. Bh3 Bd7 25. Bxe6 Bxe6 26. Red1 Rb6 27. Nf1 h5 28. Ne3 Qb7 29. b3 Rcc6 30. Nd5 Bxd5 31. Rxd5 a4 32. R5d3 Qc7 33. R3d2 Rc3 34. Rd3 Rc5 35. R3d2 axb3 36. axb3 Rcb5 37. Rd3 Qb8 38. Qc2 Rxb3 39. Rxb3 Rxb3 40. Rxd6 Rxg3+ 41. fxg3 Qxd6 42. Kg2 Qe6 43. Qe2 Kg7 44. Kh2 Qg4 45. Qe3 Qd1 46. Kg2 Qd4 47. Qe2 Kf6 48. Qf3+ Ke7 49. Qa3+ Qd6 50. Qe3 Qb4 51. Qg5+ Ke6 52. Qe3 Qb5 53. Kh2 f5 54. exf5+ gxf5 55. Qh6+ Kd5 56. Qxh5 Qf1 57. Qf7+ Ke4 58. Qb7+ Ke3 59. Qb3+ Kd4 60. Qb2+ Kd5 61. Qb3+ Kd6 62. Qb6+ Ke7 63. Qc7+ Ke6 64. Qc6+ Ke7 65. Qc7+ Ke6 66. Qc8+ Kd6 67. Qd8+ Kc5 68. Qc7+ Kd5 69. Qd7+ Ke4 70. Qc6+ Kd4 71. Qd6+ Ke4 72. Qc6+ Kd4 73. Qd6+ Ke4 74. Qc6+ 1/2-1/2


[Site "https://www.chess.com"]

[Event "Titled Tuesday Blitz May 17 Early 2022"]
[White "Shipov, Sergei"]
[Black "Skytte, Rasmus"]
[WhiteFideId "4113624"]
[BlackFideId "1404210"]
[WhiteElo "2778"]
[BlackElo "2430"]
[Result "1-0"]
[Round "03"]
[TimeControl "180+1"]
[Date "2022.05.17"]
[WhiteClock "0:00:49"]
[BlackClock "0:00:09"]

1. d4 Nf6 2. c4 c5 3. d5 b5 4. cxb5 a6 5. e3 axb5 6. Bxb5 Qa5+ 7. Nc3 Bb7 8. Bd2 Qb6 9. a4 Nxd5 10. Nxd5 Bxd5 11. Nf3 e6 12. Bc3 Nc6 13. O-O h5 14. Qe2 Be4 15. Nd2 Bg6 16. Nc4 Qc7 17. Rad1 Be7 18. Bxg7 Rg8 19. Bc3 h4 20. h3 Bf5 21. Kh1 Kf8 22. e4 Bg6 23. f4 f5 24. Be5 Qb7 25. Nd6 Bxd6 26. Bxd6+ Kf7 27. exf5 Bxf5 28. Bxc5 Bxh3 29. Qh5+ Rg6 30. f5 Bxg2+ 31. Kh2 exf5 32. Rxf5+ Kg7 33. Rxd7+ Qxd7 34. Rg5 Qc7+ 35. Kg1 Be4 36. Bxc6 Rxg5+ 37. Qxg5+ Bg6 38. Bd4+ Kh7 39. Qxh4+ Kg8 40. Qh8+ Kf7 41. Qg7+ Ke6 42. Qxc7 1-0


[Site "https://www.chess.com"]

[Event "Titled Tuesday Blitz May 17 Early 2022"]
[White "Taboas Rodriguez, Daniel"]
[Black "Donchenko, Alexander"]
[WhiteFideId "2208466"]
[BlackFideId "24603295"]
[WhiteElo "2429"]
[BlackElo "2572"]
[Result "0-1"]
[Round "03"]
[TimeControl "180+1"]
[Date "2022.05.17"]
[WhiteClock "0:00:13"]
[BlackClock "0:00:12"]

1. d4 Nf6 2. Nf3 d5 3. c4 e6 4. Bg5 Bb4+ 5. Nc3 h6 6. Bh4 dxc4 7. e3 b5 8. a4 c6 9. Be2 Bb7 10. O-O a6 11. Ne5 Nbd7 12. Qc2 Be7 13. Bf3 Nd5 14. Bg3 Nxe5 15. Bxe5 O-O 16. Rad1 Rc8 17. Ne4 Nb4 18. Qc3 Nd3 19. Bg3 f5 20. Nc5 Bxc5 21. dxc5 Qf6 22. Bd6 Nxb2 23. Rd4 Nxa4 24. Qd2 Rfd8 25. Rd1 Kh7 26. e4 c3 27. Qc2 Nb2 28. e5 Qg6 29. Re1 Na4 30. h4 Kh8 31. h5 Qf7 32. g4 Rf8 33. Rf4 g5 34. hxg6 Qxg6 35. Bxf8 Rxf8 36. Kh2 Bc8 37. Rg1 Qg7 38. Qe2 c2 39. Re1 fxg4 40. Rxf8+ Qxf8 41. Bxg4 Qf4+ 42. Kh3 c1=Q 43. Rxc1 Qxc1 44. Qf3 Qc3 0-1


[Site "https://www.chess.com"]

[Event "Titled Tuesday Blitz May 17 Early 2022"]
[White "Tarigan, Gilbert Elroy"]
[Black "Demchenko, Anton"]
[WhiteFideId "7108133"]
[BlackFideId "4160258"]
[WhiteElo "1908"]
[BlackElo "2539"]
[Result "1-0"]
[Round "03"]
[TimeControl "180+1"]
[Date "2022.05.17"]
[WhiteClock "0:00:07"]
[BlackClock "0:00:26"]

1. e4 e5 2. Nf3 Nc6 3. Bb5 a6 4. Ba4 Nf6 5. O-O Be7 6. Re1 b5 7. Bb3 d6 8. c3 O-O 9. h3 h6 10. d4 Bd7 11. Nbd2 Re8 12. a4 Bf8 13. Bc2 b4 14. d5 Ne7 15. cxb4 Qb8 16. b5 axb5 17. a5 b4 18. Nc4 Bb5 19. b3 Nd7 20. Be3 Qb7 21. Nfd2 Ng6 22. g3 c6 23. dxc6 Bxc6 24. Nb6 Nxb6 25. Bxb6 d5 26. exd5 Bxd5 27. Be4 Bxe4 28. Nxe4 f5 29. Nd6 Bxd6 30. Qxd6 Kh7 31. Rac1 Qf3 32. Qxb4 f4 33. Qe4 Qh5 34. Rc6 Rac8 35. g4 Qg5 36. Rec1 Rxc6 37. Rxc6 h5 38. f3 Rf8 39. Bf2 hxg4 40. hxg4 Rd8 41. a6 Rd1+ 42. Kg2 Ra1 43. b4 Ra2 44. b5 Qh6 45. Qxg6+ Qxg6 46. Rxg6 Kxg6 47. b6 e4 48. b7 e3 49. b8=Q Rxf2+ 50. Kg1 Rxf3 51. Qd6+ Kh7 52. Qd3+ Kh8 53. a7 Rg3+ 54. Kf1 Rf3+ 55. Ke1 1-0


[Site "https://www.chess.com"]